 Dungeon Crawl Stone Soup version 0.28.0 (webtiles) character file.

Game seed: 14493624556311990126

79 Krehm the Magician (level 4, -3/29 HPs)
             Began as an Octopode Hedge Wizard on Feb 17, 2022.
             Slain by a scorpion (9 damage)
             ... on level 3 of the Dungeon.
             The game lasted 00:09:39 (2197 turns).

Krehm the Magician (Octopode Hedge Wizard)          Turns: 2197, Time: 00:09:40

Health: -3/29      AC:  1    Str:  9    XL:     4   Next: 37%
Magic:  2/9        EV: 13    Int: 18    God:
Gold:   81         SH:  0    Dex: 11    Spells: 3/10 levels left

rFire   + . .      SeeInvis .   a - +0 dagger
rCold   . . .      Faith    .   (no shield)
rNeg    . . .      Spirit   .   b - +0 hat
rPois   .          Reflect  .   (no amulet)
rElec   .          Harm     .   c - ring of protection from fire
rCorr   .          Rampage  .   (no ring)
Will    .....                   (no ring)
Stlth   +++.......              (no ring)
HPRegen 0.09/turn               (no ring)
MPRegen 0.11/turn               (no ring)
                                (no ring)
                                (no ring)

@: very slightly contaminated
A: almost no armour, amphibious, 8 rings, camouflage 1, gelatinous body 1,
(nimble swimmer 1), tentacles
a: no special abilities


You were on level 3 of the Dungeon.
You visited 1 branch of the dungeon, and saw 3 of its levels.

You collected 81 gold pieces.

Inventory:

Hand Weapons
 a - a +0 dagger (weapon)
Missiles
 k - 5 boomerangs
 l - 2 poisoned darts (quivered)
Armour
 b - a +0 hat (worn)
Jewellery
 c - a ring of protection from fire (left tentacle)
Scrolls
 e - 4 scrolls of teleportation
 g - 3 scrolls of blinking
 h - 2 scrolls of immolation
 i - a scroll of summoning {unknown}
Potions
 d - a potion of flight {unknown}
 f - a potion of attraction {unknown}
 j - a potion of magic {unknown}


   Skills:
 + Level 1.8 Fighting
 - Level 2.0 Dodging
 - Level 2.6 Stealth
 + Level 3.5 Spellcasting
 + Level 2.1 Conjurations
 - Level 1.0 Summonings
 - Level 1.0 Translocations
 + Level 1.0 Air Magic
 + Level 1.2 Poison Magic


You had 3 spell levels left.
You knew the following spells:

 Your Spells              Type           Power      Damage    Failure   Level
a - Magic Dart            Conj           40%        1d5       6%          1
b - Slow                  Hex            12%        N/A       16%         1
c - Blink                 Tloc           12%        N/A       16%         2
d - Mephitic Cloud        Conj/Pois/Air  8%         N/A       26%         3

Your spell library contained the following spells:

 Spells                   Type           Power      Damage    Failure   Level
 Freeze                   Ice            12%        1d4       16%         1
 Call Imp                 Summ           6%         N/A       16%         2
 Conjure Flame            Conj/Fire      7%         6-21      30%         3
 Gell's Gravitas          Tloc           6%         N/A       30%         3
 Lesser Beckoning         Tloc           6%         N/A       30%         3
 Teleport Other           Tloc           6%         N/A       30%         3
 Ignite Poison            Fire/Tmut/Pois 4%         N/A       36%         3
 Frozen Ramparts          Ice            6%         1d2       43%         3
 Hailstorm                Conj/Ice       7%         3d4       69%         4
 Sticky Flame             Conj/Fire      7%         2d3       69%         4


Dungeon Overview and Level Annotations

Branches:
Dungeon (3/15)

Altars:

Annotations:
D:2 1 runed translucent door, Crazy Yiuf


Innate Abilities, Weirdness & Mutations

You cannot wear most types of armour.
You are amphibious.
You can wear up to eight rings at the same time.
Your skin changes colour to match your surroundings (Stealth+).
Your rubbery body absorbs attacks. (AC +1, EV +1)
((You are camouflaged when in or above water. (Stealth+)))
You have tentacles for arms and can constrict up to eight enemies at once.


Message History

Aiming: Slow (safe; 16% risk of failure)
Press: ? - help, Shift-Dir - straight line, f/p - scorpion
Aim: a scorpion (chance to affect: 37%)
The scorpion easily resists.
You feel sick.
You are no longer poisoned.
The scorpion barely misses you.
You hit the scorpion but do no damage. You grab the scorpion.
You squeeze the scorpion, but do no damage.
You constrict the scorpion. The scorpion stings you.
* * * LOW HITPOINT WARNING * * *
The scorpion closely misses you.
Casting: Slow (safe; 16% risk of failure)
Confirm with . or Enter, or press ? or * to list all spells.
Aiming: Slow (safe; 16% risk of failure)
Press: ? - help, Shift-Dir - straight line, f/p - scorpion
Aim: a scorpion (lightly wounded, constricted by you, chance to affect: 37%)
The scorpion easily resists.
You constrict the scorpion, but do no damage.
The scorpion misses you.
Casting: Slow (safe; 16% risk of failure)
Confirm with . or Enter, or press ? or * to list all spells.
Aiming: Slow (safe; 16% risk of failure)
Press: ? - help, Shift-Dir - straight line, f/p - scorpion
Aim: a scorpion (lightly wounded, constricted by you, chance to affect: 37%)
The scorpion seems to slow down.
You constrict the scorpion. The scorpion stings you.
* * * LOW HITPOINT WARNING * * *
You barely miss the scorpion.
The scorpion is lightly wounded.
You constrict the scorpion. You hit the scorpion but do no damage.
The scorpion is moderately wounded.
You constrict the scorpion, but do no damage.
The scorpion barely misses you.
You hit the scorpion but do no damage.
The scorpion is moderately wounded.
You constrict the scorpion.
The scorpion is no longer moving slowly.
The scorpion stings you!
You die...

### #<### #.#.. #.#.#
#.#.# ######@#.#
#...##s#.# # #...##.#.#
#.#.)###...##.#[###.#
..†....'...'...>....#
#.....##...####........
#.... #...# ....#####
#... #...# ###.# #..
#...# ...


You could see a scorpion.

Vanquished Creatures
  Jessica (D:2)
  An adder (D:2)
  2 worms (D:2)
  3 dart slugs
  2 bats
  2 endoplasms
  A giant cockroach (D:1)
  3 goblins
  3 hobgoblins
  3 jackals (D:2)
  5 kobolds
  2 quokkas (D:1)
  A ball python (D:1)
  A frilled lizard (D:1)
  A rat (D:1)
31 creatures vanquished.

Notes
Turn   | Place    | Note
-------+----------+-------------------------------------------
     0 | D:1      | Krehm the Octopode Hedge Wizard began the quest for the
                  | Orb.
     0 | D:1      | Reached XP level 1. HP: 11/11 MP: 4/4
     2 | D:1      | Learned a level 1 spell: Slow
   122 | D:1      | Reached XP level 2. HP: 18/18 MP: 6/6
   125 | D:1      | Learned a level 2 spell: Blink
   349 | D:1      | Reached skill level 1 in Fighting
  1051 | D:2      | Reached XP level 3. HP: 23/23 MP: 7/7
  1055 | D:2      | Learned a level 3 spell: Mephitic Cloud
  1488 | D:2      | Found a faded altar of an unknown god.
  1514 | D:2      | Noticed Jessica
  1518 | D:2      | Killed Jessica
  1519 | D:2      | Reached skill level 1 in Poison Magic
  1519 | D:2      | Reached XP level 4. HP: 29/29 MP: 5/9
  1647 | D:2      | Found a runed translucent door.
  1648 | D:2      | Noticed Crazy Yiuf
  2156 | D:3      | Identified the +1 chain mail of Axuruygra {Contam rC+
                  | Int+4}
  2169 | D:3      | Reached skill level 1 in Air Magic
  2176 | D:3      | Noticed a scorpion
  2197 | D:3      | Slain by a scorpion

Illustrated notes

Levels and vault maps discovered:
D:1:      lightli_arrival_maybe_door_vault, layout_loops_cross, st_stairs_8
D:2:      layout_basic, hellmonk_ecumenical_altar_blasted, uniq_jessica,
          uniq_crazy_yiuf_cottage
D:3:      layout_basic, mainiacjoe_overflow_alcove_2, minmay_misc_feat_encased

Skill      XL: |  1  2  3  4 |
---------------+-------------+-----
Fighting       | 1 |  1.8
Conjurations   | 2 |  2.1
Poison Magic   | 1 |  1.2
Air Magic      | 1 |  1.0
Dodging        | |  2.0
Stealth        | |  2.6
Spellcasting   | |  3.5
Summonings     | |  1.0
Translocations | |  1.0

Action                   |  1- 3 |  4- 6 || total
-------------------------+-------+-------++-------
Melee: Dagger            |    51 |     7 ||    58
       Constrict         |     7 |     2 ||     9
       Tentacles         |     7 |     1 ||     8
Throw: Dart              |       |     2 ||     2
 Cast: Magic Dart        |    38 |    12 ||    50
       Slow              |     6 |     5 ||    11
  Use: Scroll            |     1 |     1 ||     2
 Stab: Sleeping          |     6 |       ||     6
Armor: Skin              |     2 |       ||     2
Dodge: Dodged            |    27 |     7 ||    34
